 Dungeon Crawl Stone Soup version 0.24-a0-358-g53aee78b01 (webtiles) character file.

Game seed: 13226729706257228450

51 HAL9000 the Sneak (level 3, 0/18 HPs)
             Began as a Vine Stalker Assassin on May 25, 2019.
             Succumbed to an adder's poison
             ... on level 3 of the Dungeon.
             The game lasted 00:02:26 (1926 turns).

HAL9000 the Sneak (Vine Stalker Assassin)           Turns: 1926, Time: 00:02:26

Health: 0/18       AC:  4    Str: 14    XL:     3   Next: 83%
Magic:  3/4        EV: 16    Int: 11    God:
Gold:   110        SH:  0    Dex: 20    Spells: 2/2 levels left

rFire    . . .     SeeInvis .   a - +2 dagger
rCold    . . .     Gourm    .   (no shield)
rNeg     . . .     Faith    .   u - +0 leather armour
rPois    .         Spirit   +   (no helmet)
rElec    .         Reflect  .   c - +0 cloak
rCorr    +         Harm     .   (no gloves)
MR       .....                  (no boots)
Stlth    ++++......             (no amulet)
HPRegen  0.06/turn              g - ring of resist corrosion
MPRegen  0.09/turn              p - ring of flight

@: agile, lethally poisoned (0 -> -13)
A: fangs 2, magic shield, antimagic bite, no potion heal 3, rot immunity
a: Evoke Flight


You were on level 3 of the Dungeon.
You were not hungry.

You visited 1 branch of the dungeon, and saw 3 of its levels.

You collected 110 gold pieces.

Inventory:

Hand Weapons
 a - a +2 dagger (weapon)
Missiles
 d - 17 poisoned darts (quivered)
 e - 2 curare-tipped darts
 o - a throwing net
Armour
 c - a +0 cloak (worn)
 u - a +0 leather armour (worn)
Jewellery
 g - a ring of resist corrosion (left hand)
 p - a ring of flight (right hand)
Scrolls
 h - a scroll of blinking {unknown}
 i - 2 scrolls of remove curse {unknown}
 m - 2 scrolls of teleportation
 s - a scroll of enchant weapon {unknown}
Potions
 j - a potion of agility
 k - 2 potions of berserk rage {unknown}
 l - 2 potions of brilliance {unknown}
 n - a potion of magic {unknown}
 q - a potion of degeneration {unknown}
 r - 2 potions of resistance {unknown}
 t - a potion of might {unknown}
Comestibles
 f - 4 rations


   Skills:
 - Level 1.7 Fighting
 + Level 3.6 Short Blades
 - Level 1.7 Throwing
 - Level 0.7 Dodging
 - Level 4.8 Stealth


You had 2 spell levels left.
You didn't know any spells.
Your spell library was empty.

Dungeon Overview and Level Annotations

Branches:
Dungeon (3/15)

Altars:
Fedhas


Innate Abilities, Weirdness & Mutations

You have extremely sharp teeth.
When hurt, damage is shared between your health and your magic reserves.
Your bite disrupts and absorbs the magic of your enemies.
Potions cannot restore your health.
You are immune to rotting.


Message History

You hit the adder. Your bite misses the adder.
The adder is almost dead.
* * * LOW HITPOINT WARNING * * *
You feel sick. The adder bites you.
* * * LOW HITPOINT WARNING * * *
You are more poisoned.
The adder poisons you!
You hit the adder.
You kill the adder!
Unknown command.
* * * LOW HITPOINT WARNING * * *
You feel sick.
You see here a kobold corpse.
* * * LOW HITPOINT WARNING * * *
You feel sick.
* * * LOW HITPOINT WARNING * * *
You feel sick.
It was a potion of agility.
You feel agile all of a sudden.
You die...

...#.......#
#.......#
#...†...# #+
#.......# #.
#.......# #.
#.......# #.
#.......#
#%######'#####
#.†.@....#
.......########
#####.. ....
###.. #.. #..
#..


There were no monsters in sight!

Vanquished Creatures
  2 adders
  An ooze (D:1)
  An orc (D:3)
  A ball python (D:2)
  5 bats
  3 giant cockroaches
  3 goblins
  2 hobgoblins (D:1)
  2 kobolds
  2 quokkas (D:3)
  4 frilled lizards
  2 rats
28 creatures vanquished.

Notes
Turn   | Place    | Note
-------+----------+-------------------------------------------
     0 | D:1      | HAL9000 the Vine Stalker Assassin began the quest for the
                  | Orb.
     0 | D:1      | Reached XP level 1. HP: 11/11 MP: 2/2
   518 | D:1      | Reached XP level 2. HP: 12/15 MP: 3/3
  1078 | D:2      | Reached XP level 3. HP: 18/18 MP: 4/4
  1240 | D:2      | Found a blossoming altar of Fedhas.
  1926 | D:3      | Succumbed to an adder's poison

Levels and vault maps discovered:
D:1:      dpeg_arrival_pits, layout_basic, minmay_misc_feat_columns,
          grunt_decor_clamped, minmay_heptomino_w4
D:2:      layout_basic, lemuel_round_altar
D:3:      layout_basic, first_ration, roderic_lattice_a, uniq_robin

Skill      XL: |  1  2 |
---------------+-------+-----
Short Blades   | 2 3 |  3.6
Fighting       | |  1.7
Throwing       | |  1.7
Dodging        | |  0.7
Stealth        | |  4.8

Action                   || total
-------------------------++-------
Melee: Dagger            ||    71
       Bite              ||    15
  Use: Scroll            ||     1
       Potion            ||     1
 Stab: Sleeping          ||     9
  Eat: Chunk             ||     3
Armor: Robe              ||    16
       Leather armour    ||     8
Dodge: Dodged            ||    40

Table legend:
 A = Non-vault XP
 B = Vault XP
 C = Vault XP percentage of total XP
 D = Non-vault monster count
 E = Vault monster count
 F = Vault count percentage of total count
                 A         B        C        D         E       F
            +---------+---------+-------+---------+---------+-------
      Total |      60 |      14 |  18.9 |      23 |       5 |  17.9
            +---------+---------+-------+---------+---------+-------
        D:1 |      11 |      14 |  56.0 |       7 |       5 |  41.7
        D:2 |      23 |       0 |   0.0 |       8 |       0 |   0.0
        D:3 |      26 |       0 |   0.0 |       8 |       0 |   0.0
            +---------+---------+-------+---------+---------+-------
